 Dungeon Crawl Stone Soup version 0.29-a0-732-g3d7fbe0af2 (webtiles) character file.

Game seed: 16374071097509472437

38 RancidPinata the Cudgeller (level 3, 0/22 HPs)
             Began as a Gargoyle Gladiator on June 29, 2022.
             Splashed by a jelly's acid (3 damage)
             ... on level 4 of the Dungeon.
             The game lasted 00:02:40 (1004 turns).

RancidPinata the Cudgeller (Gargoyle Gladiator)     Turns: 1004, Time: 00:02:41

Health: 0/22       AC:  9    Str: 21    XL:     3   Next: 43%
Magic:  3/3        EV: 11    Int:  8    God:
Gold:   22         SH:  0    Dex: 11    Spells: 2/2 levels left

rFire   . . .      SeeInvis .   a - +0 flail
rCold   . . .      Faith    .   (no shield)
rNeg    + . .      Spirit   .   j - +0 ring mail of Bursted Creativity {rCorr Str+2}
rPois   ∞          Reflect  .   c - +0 helmet
rElec   +          Harm     .   (no cloak)
rCorr   +          Rampage  .   (no gloves)
Will    .....                   (no boots)
Stlth   +.........              (no amulet)
HPRegen 0.07/turn               (no ring)
MPRegen 0.08/turn               (no ring)

@: no status effects
A: sickness immunity, AC +3, negative energy resistance 1, electricity
resistance, torment resistance 1, petrification resistance
a: no special abilities


You were on level 4 of the Dungeon.
You visited 1 branch of the dungeon, and saw 4 of its levels.

You collected 22 gold pieces.

Inventory:

Hand Weapons
 a - a +0 flail (weapon)
Missiles
 d - 3 throwing nets (quivered)
 e - a javelin
 h - 10 stones
Armour
 c - a +0 helmet (worn)
 g - a +0 ring mail
 j - the +0 ring mail of Bursted Creativity (worn) {rCorr Str+2}
   (You found it on level 3 of the Dungeon)

   Str:       It affects your strength (+2).
   rCorr:     It protects you from acid and corrosion.
Scrolls
 i - a scroll of identify {unknown}
Potions
 b - a potion of heal wounds {unknown}
 f - a potion of ambrosia {unknown}
 k - a potion of curing {unknown}


   Skills:
 * Level 2.9 Fighting
 + Level 3.2 Maces & Flails
 + Level 2.0 Throwing
 * Level 1.4 Armour
 + Level 2.5 Dodging


You had 2 spell levels left.
You didn't know any spells.
Your spell library contained the following spells:

 Spells                   Type           Power      Damage    Failure   Level
 Airstrike                Air            0%         N/A       100%        4
 Summon Lightning Spire   Summ/Air       0%         N/A       100%        4
 Lightning Bolt           Conj/Air       0%         1d11      100%        5


Dungeon Overview and Level Annotations

Branches:
Dungeon (4/15)
 Temple: D:4-7

Altars:


Innate Abilities, Weirdness & Mutations

You are immune to sickness and miasma.
Your stone body is resilient. (AC +3)
You are immune to poison.
You resist negative energy. (rN+)
You are resistant to electric shocks. (rElec)
You are resistant to unholy torment.
You are immune to petrification.


Message History

The slug dart misses you.
You thump the dart slug!
You kill the dart slug!
The howler monkey hoots and howls with incredible vigour!
The howler monkey closely misses you.
You hear an angry hiss.
You hear a shout! x3
You hit the howler monkey.
The howler monkey is moderately wounded.
The howler monkey hits you.
You hit the howler monkey.
The howler monkey is heavily wounded.
The howler monkey hoots and howls with incredible vigour!
The howler monkey hits you.
* * * LOW HITPOINT WARNING * * *
A jelly comes into view.
You hit the howler monkey but do no damage.
The howler monkey is heavily wounded.
The howler monkey hits you but does no damage.
The howler monkey attacks as you move away!
The howler monkey closely misses you.
The howler monkey hits you but does no damage.
The howler monkey attacks as you move away!
The howler monkey hits you but does no damage.
A ball python comes into view.
The howler monkey hoots and howls with incredible vigour!
You hit the jelly but do no damage.
Your hands burn!
* * * LOW HITPOINT WARNING * * *
The jelly hits you but does no damage.
The howler monkey hoots and howls with incredible vigour!
You hear a shout!
You hear an angry growl.
The jelly attacks as you move away! The jelly closely misses you.
The jelly attacks as you move away! The jelly barely misses you.
The jelly attacks as you move away! The jelly hits you but does no damage.
The jelly attacks as you move away! The jelly hits you but does no damage.
The jelly attacks as you move away! The jelly misses you.
The howler monkey hoots and howls with incredible vigour!
The jelly attacks as you move away! The jelly hits you.
* * * LOW HITPOINT WARNING * * *
You are splashed with acid.
You resist.
You die...

#.....######
#.....h....########
#.....####........#
#.#...# #........#
#.#...#
#h.......####
#.....#
#....)......#
#..#..#
#S#####.....#
#..#... #J# #.....#
....... #@# #.....#
#<# #.....# ###
#.....# #.....#
#######


You could see a howler monkey (catching breath), a jelly and a ball python.

Vanquished Creatures
  An adder (D:4)
  3 dart slugs
  4 endoplasms
  A giant cockroach (D:2)
  A goblin (D:3)
  2 hobgoblins (D:1)
  3 jackals (D:3)
  4 kobolds
  A ball python (D:1)
  A bat (D:1)
21 creatures vanquished.

Notes
Turn   | Place    | Note
-------+----------+-------------------------------------------
     0 | D:1      | RancidPinata the Gargoyle Gladiator began the quest for the
                  | Orb.
     0 | D:1      | Reached XP level 1. HP: 12/12 MP: 1/1
   338 | D:1      | Reached XP level 2. HP: 18/18 MP: 2/2
   642 | D:2      | Found a faded altar of an unknown god.
   865 | D:3      | Reached skill level 1 in Armour
   866 | D:3      | Identified the +0 ring mail of Bursted Creativity {rCorr
                  | Str+2}
   941 | D:4      | Reached XP level 3. HP: 21/22 MP: 3/3
  1004 | D:4      | Splashed by a jelly's acid

Illustrated notes

Levels and vault maps discovered:
D:1:      matt_arrival_los_fun, layout_loops_ring, minivault_25,
          chequers_decorated_corner, corner_web_ring
D:2:      layout_basic, chequers_ecumenical_altar_simple_redux, uniq_terence
D:3:      layout_basic, dreamdust_princess_bridge
D:4:      kennysheep_slugbush, layout_basic, uniq_ijyb, uniq_edmund

Skill      XL: |  1  2 |
---------------+-------+-----
Armour         | 1 |  1.4
Throwing       | 2 |  2.0
Fighting       | |  2.9
Maces & Flails | |  3.2
Dodging        | |  2.5

Action                   || total
-------------------------++-------
Melee: Flail             ||    80
       Punch             ||     2
Armor: Leather armour    ||     5
       Ring mail         ||    42
Dodge: Dodged            ||    60

Table legend: (Time is in decaauts)
 A = Elapsed time spent in this place.
 B = Non-inter-level travel time spent in this place.
 C = Inter-level travel time spent in this place.
 D = Time resting spent in this place.
 E = Time spent auto-exploring this place.
 F = Levels seen in this place.
 G = Mean time per level.
                   A        B        C        D        E       F      G
               +--------+--------+--------+--------+--------+-----+--------+
         Total |   1022 |   1022 |      0 |    364 |    290 |   4 |  255.5 |
       Dungeon |   1022 |   1022 |      0 |    364 |    290 |   4 |  255.5 |
               +--------+--------+--------+--------+--------+-----+--------+

Top non-repeatable levels by time:
     D:2: 409 daAuts
     D:1: 369 daAuts
     D:3: 161 daAuts
     D:4: 81 daAuts
